 Dungeon Crawl Stone Soup version 0.18-a0-1745-gffa9a88 (webtiles) character file.

80 Eucla the Gusty (level 4, -2/24 HPs)
             Began as a Tengu Air Elementalist on Apr 11, 2016.
             Killed from afar by Sigmund (6 damage)
             ... with a magic dart
             ... on level 3 of the Dungeon.
             The game lasted 00:10:50 (2412 turns).

Eucla the Gusty (Tengu Air Elementalist)            Turns: 2412, Time: 00:10:51

Health: -2/24      AC:  3    Str:  8    XL:     4   Next: 39%
Magic:  1/8        EV: 12    Int: 17    God:
Gold:   98         SH:  0    Dex: 14    Spells: 3 memorised, 2 levels left

rFire  . . .     SeeInvis .     r - +2 short sword (venom)
rCold  . . .     Gourm    .     a - +0 robe
rNeg   . . .     Faith    .     (no shield)
rPois  .         Spirit   .     (helmet restricted)
rElec  .         Dismiss  .     (no cloak)
rCorr  .         Reflect  .     n - +0 pair of gloves
SustAt .         Harm     .     (boots unavailable)
MR     .....                    (no amulet)
Stlth  ++........               (no ring)
                                (no ring)

@: very slightly contaminated, not resistant to hostile enchantments, unstealthy
A: beak, talons 3
a: no special abilities


You were on level 3 of the Dungeon.
You were not hungry.

You visited 1 branch of the dungeon, and saw 3 of its levels.

You collected 98 gold pieces.

Inventory:

Hand Weapons
 d - a +0 short sword
 j - a +0 short sword of flaming
 r - a +2 short sword of venom (weapon)
Armour
 a - a +0 robe (worn)
 n - a +0 pair of gloves (worn)
Scrolls
 g - a scroll of fear
 u - a scroll of teleportation
Potions
 f - a potion of degeneration {unknown}
 h - 2 potions of cure mutation
 k - a potion of might
 l - a potion of flight {unknown}
 q - a potion of brilliance {unknown}
 t - a potion of cancellation {unknown}
Books
 b - a book of Air

   Spells                             Type                      Level
   a - Shock                          Conjuration/Air              1
   b - Swiftness                      Charms/Air                   2
   c - Repel Missiles                 Charms/Air                   2
   d - Static Discharge               Conjuration/Air              3
   e - Lightning Bolt                 Conjuration/Air              5
Comestibles
 c - a bread ration


   Skills:
 - Level 2.1 Dodging
 - Level 2.0 Stealth
 + Level 2.6 Spellcasting
 * Level 3.8 Conjurations
 + Level 4.9 Air Magic


You had 2 spell levels left.
You knew the following spells:

 Your Spells              Type           Power        Failure   Level  Hunger
a - Shock                 Conj/Air       ###.         2%          1    #......
b - Swiftness             Chrm/Air       ##......     12%         2    ##.....
c - Static Discharge      Conj/Air       ###.....     10%         3    ###....


Dungeon Overview and Level Annotations

Branches:
Dungeon (3/15)

Altars:
Ashenzari

Annotations:
D:3 Eucla's ghost, amateur CeHu; Sigmund


Innate Abilities, Weirdness & Mutations

You have a beak for a mouth.
You have claws for feet.


Message History

The zap hits Sigmund.
Sigmund is moderately wounded.
Sigmund hits you with a scythe!
* * * LOW HITPOINT WARNING * * *
Casting: Shock
Confirm with . or Enter, or press ? or * to list all spells.
You miscast Swiftness.
You are very lightly contaminated with residual magic.
Nothing appears to happen.
Casting: Swiftness
Confirm with . or Enter, or press ? or * to list all spells.
Sigmund is struck by lightning.
Sigmund is heavily wounded.
The lightning arcs!
You are struck by lightning.
* * * LOW HITPOINT WARNING * * *
The lightning grounds out.
Sigmund is suddenly surrounded by pale green light.
Sigmund casts a spell at you. The magic dart hits you!
You die...

##+#+### #...<..
#.....#######
#.....@......
#....@#########
#.......).....#
#......#####.##
#.....<# #.######
#.....######.##.......
####.........##.......
############.......
#....... #.......


You could see Sigmund.

Vanquished Creatures
  An adder (D:2)
  3 worms
  A dart slug (D:1)
  An orc (D:3)
  3 giant cockroaches
  9 goblins
  6 hobgoblins
  4 jackals (D:2)
  2 quokkas (D:3)
  A ball python (D:1)
  7 bats
  5 giant newts
  7 kobolds
  6 rats
56 creatures vanquished.

Notes
Turn   | Place    | Note
--------------------------------------------------------------
     0 | D:1      | Eucla the Tengu Air Elementalist began the quest for the Orb.
     0 | D:1      | Reached XP level 1. HP: 10/10 MP: 4/4
   307 | D:1      | Reached XP level 2. HP: 4/15 MP: 0/6
   514 | D:1      | Learned a level 2 spell: Swiftness
   901 | D:1      | Reached XP level 3. HP: 19/19 MP: 3/7
  1272 | D:2      | Learned a level 3 spell: Static Discharge
  1386 | D:2      | Reached XP level 4. HP: 12/24 MP: 1/8
  1787 | D:2      | Found a shattered altar of Ashenzari.
  1854 | D:3      | Noticed Sigmund
  2124 | D:3      | Noticed Eucla's ghost (amateur CeHu)
  2412 | D:3      | Killed from afar by Sigmund

Vault maps used:
D:1:      zelgadis_glass_arrival_small
D:2:      ashenzari_altar_1
D:3:      lemuel_crystal_altar, uniq_sigmund

Skill      XL: |  1  2  3 |
---------------+----------+-----
Conjurations   | 2 3 |  3.8
Dodging        | |  2.1
Stealth        | |  2.0
Spellcasting   | |  2.6
Air Magic      | |  4.9

Action                   |  1- 3 |  4- 6 || total
-------------------------+-------+-------++-------
Melee: Short sword       |    14 |     6 ||    20
 Cast: Shock             |    64 |    42 ||   106
       Swiftness         |       |     1 ||     1
       Static Discharge  |       |     1 ||     1
  Use: Scroll            |       |    10 ||    10
       Potion            |       |     1 ||     1
 Stab: Sleeping          |     1 |       ||     1
  Eat: Bread ration      |     1 |     1 ||     2
